 Dungeon Crawl Stone Soup version 0.19.3 (webtiles) character file.

246326 dngmouse the Warrior (level 18, -39/195 HPs)
             Began as a Minotaur Fighter on Jan 22, 2017.
             Was the Champion of Okawaru.
             Killed from afar by a halazid warlock (46 damage)
             ... with a ghostly fireball
             ... in the Desolation of Salt.
             The game lasted 04:13:54 (37515 turns).

dngmouse the Warrior (Minotaur Fighter)            Turns: 37515, Time: 04:13:57

Health: -39/195    AC: 41    Str: 19    XL:     18   Next: 79%
Magic:  26/26      EV: 15    Int:  5    God:    Okawaru [******]
Gold:   1772       SH:  0    Dex: 18    Spells: 0 memorised, 17 levels left

rFire  + + +     SeeInvis +     Q - +9 flail "Waogilyj" {vamp, SInv}
rCold  + + .     Gourm    .     V - +3 crystal plate armour {rC+}
rNeg   . . .     Faith    .     N - +0 buckler {reflect}
rPois  +         Spirit   .     n - +0 hat "Disivor" {rCorr}
rElec  +         Reflect  +     s - +1 cloak {MR+}
rCorr  +         Harm     .     G - +2 pair of gloves
MR     ++...                    b - +2 pair of boots {Fly}
Stlth  ..........               O - +6 amulet of reflection
                                W - ring of poison resistance
                                H - +3 ring of evasion

@: confused, about to teleport, resistant, heroism, finesse, flying, heavily
drained
A: retaliatory headbutt, horns 2, thin metallic scales 1, fire resistance 2, low
mp 1, robust 1, screaming 1, electricity resistance, weak 1, subdued magic 1
a: Heroism, Finesse, Renounce Religion, Stop Flying
}: 2/15 runes: decaying, gossamer


You were in the Desolation of Salt.
You worshipped Okawaru.
Okawaru was exalted by your worship.
You were not hungry.

You visited 6 branches of the dungeon, and saw 32 of its levels.
You visited the Abyss 1 time.
You also visited: Ice Cave and Desolation.

You collected 3049 gold pieces.
You spent 1277 gold pieces at shops.

Inventory:

Hand Weapons
 c - the +8 flail of Success {crush, *Drain +Inv MR+ Stlth+, unknown}
   (Okawaru gifted it to you in the Desolation of Salt)

   It inflicts extra damage upon your enemies.
   It affects your resistance to hostile enchantments.
   It lets you turn invisible.
   It causes draining when unequipped.
   It makes you more stealthy.
 y - a +5 executioner's axe of chopping
 Q - the +9 flail "Waogilyj" (weapon) {vamp, SInv}
   (You found it on level 5 of the Lair of Beasts)

   It inflicts no extra harm, but heals its wielder when it wounds a living foe.
   It lets you see invisible.
Armour
 b - a +2 pair of boots of flying (worn)
 n - the +0 hat "Disivor" (worn) {rCorr}
   (Okawaru gifted it to you on level 2 of the Abyss)

   It protects you from acid and corrosion.
 s - a +1 cloak of magic resistance (worn)
 G - a +2 pair of gloves (worn)
 N - a +0 buckler of reflection (worn)
 U - a +2 plate armour of cold resistance
 V - a +3 crystal plate armour of cold resistance (worn)
 Z - a +4 chain mail of fire resistance
Jewellery
 g - a +4 ring of strength
 l - the ring of Gucibl Zesm {rCorr rPois rN+ SInv, unknown}
   (You found it in the Desolation of Salt)

   [ring of resist corrosion]

   It protects you from poison.
   It protects you from negative energy.
   It lets you see invisible.
 o - the ring "Soqawn" {rElec rC+ Stlth+}
   (You acquired it on level 1 of the Lair of Beasts)

   [ring of stealth]

   It protects you from cold.
   It insulates you from electricity.
   It makes you more stealthy.
 r - an uncursed ring of protection from fire
 v - an uncursed ring of protection from magic
 H - a +3 ring of evasion (left hand)
 O - a +6 amulet of reflection (around neck)
 S - the amulet "Gofarghu" {Harm *Drain rPois MR+ Int+6 Stlth+, unknown}
   (You found it in the Desolation of Salt)

   [amulet of harm]

   It increases damage dealt and taken.
   It affects your intelligence (+6).
   It protects you from poison.
   It affects your resistance to hostile enchantments.
   It causes draining when unequipped.
   It makes you more stealthy.
 W - a ring of poison resistance (right hand)
Wands
 a - a wand of enslavement (17/24)
 f - a wand of hasting (5/9)
 m - a wand of paralysis (8/24)
 p - a wand of teleportation (4/9)
 z - a wand of digging (3/24)
 I - a wand of lightning (9/15)
 J - a wand of acid (7/15)
 L - a wand of digging (15/24)
 R - a wand of iceblast (6/15)
Scrolls
 e - 4 scrolls of fear
 i - 2 scrolls of blinking
 q - 10 scrolls of remove curse
 t - 6 scrolls of teleportation
 x - 5 scrolls of fog
 P - 2 scrolls of holy word
 X - 3 scrolls of magic mapping
Potions
 d - 3 potions of agility
 k - 2 potions of cancellation
 u - a potion of might
 M - a potion of resistance
 T - 3 potions of haste
 Y - 6 potions of curing
Miscellaneous
 A - a phial of floods (inert)
 B - a lamp of fire
 C - a sack of spiders
Comestibles
 h - 25 meat rations
 j - 14 fruits
 E - 3 slices of pizza
 F - 11 bread rations


   Skills:
 + Level 19.7(20.4) Fighting
 - Level 14.0(15.2) Maces & Flails
 + Level 18.2(19.1) Armour
 + Level 15.6(16.7) Dodging
 - Level 5.0(6.8) Shields
 + Level 16.8(13.1) Invocations


You had 17 spell levels left.
You didn't know any spells.

Dungeon Overview and Level Annotations

Branches:
Dungeon (15/15)            Temple (0/1) D:5            Lair (6/6) D:11
  Swamp (4/4) Lair:2       Spider (4/4) Lair:3        Slime (0/5) Lair:6
    Orc (2/2) D:11            Elf (0/3) Orc:2        Vaults (1/5) D:14
 Depths (0/5) D:15

Altars:
Ashenzari
Fedhas
Gozag
Hepliaklqana
Kikubaaqudgha
Makhleb
Okawaru
Sif Muna
Trog
Vehumet
The Shining One
Beogh

Shops:
D:7 *=[*(   D:9 [   Orc:1 (   Orc:2 [}![

Annotations:
Swamp:2 exclusion: downstairs
Swamp:3 1 exclusion


Innate Abilities, Weirdness & Mutations

You reflexively headbutt those who attack you in melee.
You have a pair of horns on your head.
You are partially covered in thin metallic scales. (AC +2)
Your flesh is very heat resistant. (rF++)
Your magical capacity is low. (-10% MP)
You are robust. (+10% HP)
You occasionally shout uncontrollably at your foes.
You are resistant to electric shocks. (rElec)
You are weak. (Str -2)
Your spells are a little easier to cast, but a little less powerful.


Message History

The molten gargoyle hits you with a flail!
* * * LOW HITPOINT WARNING * * *
You are engulfed in flames.
You resist.
* * * LOW HITPOINT WARNING * * *
The molten gargoyle hits you but does no damage.
The saltling hits you but does no damage.
The halazid warlock touches you but does no damage.
Evoke which item? (* to show all) (? for menu, Esc to quit)
Okay, then.
You're too confused!
Unknown command.
You're too confused!
You feel protected. The saltling closely misses you.
The saltling completely misses you. The saltling barely misses you.
The saltling closely misses you.
The saltling hits you but does no damage.
The halazid warlock gestures at the molten gargoyle while chanting.
The molten gargoyle's animating energy erupts into ghostly fire!
The ghostly flame explodes!
The ghostly fireball engulfs you!
You feel drained.
You die...

.........)..........§.§§....###
......................§§.......
...............).....§§§.......
.......................§........
................##..............
...............)(#......#......
...............))8.............
...........∩.∩.898............
................@88...........
...............88L............
................8p..#.........
........)...........#.........
..............................
..........#................#..
.............................
....§........................
..§...........................


You could see a ragged hierophant, a halazid warlock, a crystal guardian, a
peacekeeper, a molten gargoyle and 6 saltlings.

Vanquished Creatures
  Arachne (Spider:3)
  A bone dragon (Abyss:2)
  The ghost of Megalobster the Severer, an adept MiBe of Trog (Swamp:4)
  Frances (D:14)
  Agnes (D:15)
  Roxanne (Swamp:4)
  2 thorn hunters
  A tentacled starspawn (Abyss:2)
  Aizul (Spider:2)
  8 ghost moths
  2 imperial myrmidons (Desolation)
  5 emperor scorpions
  Louise (D:15)
  A reaper (IceCv)
  An ironheart preserver (Vaults:1)
  4 entropy weavers
  A halazid warlock (Desolation)
  7 spark wasps
  3 fire dragons (Swamp:4)
  6 ragged hierophants (Desolation)
  Harold (Lair:3)
  4 servants of whispers (Desolation)
  An ice dragon (Lair:5)
  8 peacekeepers
  22 hydras
  2 ghost crabs
  A death knight (D:11)
  A centaur warrior (D:14)
  2 dancing weapons (D:14)
  6 tengu warriors
  2 ogre magi
  3 alligators (Swamp:4)
  Urug (D:10)
  A thrashing horror (Abyss:2)
  6 orc high priests (Orc:2)
  3 spriggans
  A wretched star (Abyss:2)
  A sixfirhy (Abyss:2)
  4 unseen horrors
  A spriggan druid (Swamp:3)
  The ghost of bosm the Insei, a novice OpTm (D:6)
  8 swamp dragons
  5 hill giants
  10 orc knights
  A shambling mangrove (Swamp:4)
  A phantasmal warrior (D:11)
  2 lindwurms (Swamp:4)
  19 orb spiders
  A wolf spider zombie (D:15)
  4 ironbrand convokers (Desolation)
  37 wolf spiders
  4 cyclopes
  8 ugly things
  A deep elf mage (D:15)
  4 moths of wrath
  3 manticores
  2 guardian serpents (Desolation)
  An oklob plant (D:15)
  12 elephants (Lair:3)
  2 large abominations (Abyss:2)
  3 ice statues
  3 black mambas
  3 centaur zombies
  A torpor snail (Spider:3)
  16 spiny frogs
  Psyche (D:9)
  7 rime drakes
  6 komodo dragons
  2 efreet
  2 kobold demonologists
  A komodo dragon (shapeshifter) (D:15)
  11 ice devils (IceCv)
  9 demonic crawlers
  A freezing wraith (D:12)
  A yaktaur (shapeshifter) (D:15)
  2 ancient zymes (Abyss:2)
  A tengu conjurer (Swamp:4)
  9 tyrant leeches
  5 two-headed ogres
  10 hornets
  32 jumping spiders
  5 trolls
  10 polar bears
  15 blink frogs
  5 slime creatures
  8 hippogriffs
  9 raiju
  39 saltlings (Desolation)
  3 bog bodies
  A shadow (Swamp:4)
  2 vampires (D:14)
  69 redbacks
  2 ynoxinuls (Abyss:2)
  30 tarantellas
  35 yaks
  A wraith (D:10)
  13 wyverns
  3 hogs (D:14)
  A steam dragon (Swamp:4)
  2 hungry ghosts
  4 basilisks
  A basilisk (shapeshifter) (D:15)
  4 mottled dragons
  29 vampire mosquitoes
  9 wargs
  16 swamp worms
  7 water moccasins
  5 insubstantial wisps (Swamp:4)
  10 hell hounds
  A soldier ant (D:11)
  6 porcupines
  47 orc warriors
  15 black bears
  11 swamp drakes
  A hornet zombie (D:14)
  12 ice beasts
  A necrophage (D:15)
  7 sky beasts
  5 phantoms
  2 eyes of draining
  19 ogres
  22 wolves
  3 boggarts (D:15)
  11 centaurs
  A swamp dragon skeleton (Abyss:2)
  11 crocodiles
  2 small abominations (Abyss:2)
  4 big kobolds
  16 bullfrogs
  A gnoll sergeant (D:8)
  2 scorpions
  3 killer bees (D:12)
  13 wights
  A howler monkey (D:8)
  4 electric eels
  9 crimson imps
  2 bullfrog zombies (D:12)
  A quasit (D:6)
  An iron imp (Abyss:2)
  A bullfrog skeleton (D:13)
  21 hounds
  23 orc priests
  5 jellies
  27 orc wizards
  Crazy Yiuf (D:5)
  5 centaur skeletons
  Jessica (D:3)
  3 iguanas
  8 worker ants
  12 gnolls
  11 adders
  2 shadow imps
  9 white imps
  6 ufetubi (IceCv)
  An adder skeleton (D:6)
  3 worms (D:2)
  5 dart slugs
  5 leopard geckos
  107 orcs
  3 giant cockroaches
  10 hobgoblins
  16 jackals
  6 quokkas
  2 ball pythons
  17 bats
  3 frilled lizards
  7 goblins
  A jackal skeleton (D:8)
  25 kobolds
  A quokka skeleton (D:9)
  A quokka zombie (D:5)
  10 rats
  A fungus (D:11)
  A plant (Lair:2)
1304 creatures vanquished.

Vanquished Creatures (collateral kills)
  An orb spider (Spider:4)
  A redback (Spider:2)
2 creatures vanquished.

Vanquished Creatures (others)
  Kirke (D:14)
  A centaur warrior (D:14)
  Sonja (D:13)
  A fire crab (Swamp:4)
  A swamp dragon (Swamp:4)
  An orb spider (Spider:4)
  A hornet (Swamp:4)
  A saltling (Desolation)
  A spriggan (Swamp:4)
  A human (D:14)
  4 steam dragons (Swamp:4)
  A mottled dragon (Swamp:4)
  A centaur (D:14)
  A hound (Lair:6)
  3 white imps (IceCv)
  2 ufetubi (IceCv)
  An orc (D:12)
  2 fungi (Lair:5)
  12 plants
37 creatures vanquished.

Grand Total: 1343 creatures vanquished

Notes
Turn   | Place    | Note
-------+----------+-------------------------------------------
     0 | D:1      | dngmouse the Minotaur Fighter began the quest for the Orb.
     0 | D:1      | Reached XP level 1. HP: 19/19 MP: 0/0
   135 | D:1      | Reached XP level 2. HP: 25/27 MP: 1/1
   181 | D:1      | Reached skill level 4 in Fighting
   438 | D:1      | Reached XP level 3. HP: 34/34 MP: 2/2
   975 | D:2      | Found a glowing golden altar of the Shining One.
  1429 | D:2      | Reached XP level 4. HP: 41/41 MP: 3/3
  1744 | D:2      | Found a bloodstained altar of Trog.
  1749 | D:2      | Reached skill level 5 in Maces & Flails
  1914 | D:3      | Noticed Jessica
  1918 | D:3      | Killed Jessica
  1946 | D:3      | Reached XP level 5. HP: 47/47 MP: 4/4
  2121 | D:3      | Found a blossoming altar of Fedhas.
  2162 | D:3      | Found an iron altar of Okawaru.
  2166 | D:3      | Found a radiant altar of Vehumet.
  2175 | D:3      | Found a glowing golden altar of the Shining One.
  2186 | D:3      | Became a worshipper of Warmaster Okawaru
  2330 | D:3      | Found a deep blue altar of Sif Muna.
  2751 | D:4      | Noticed an ogre
  2759 | D:4      | Killed an ogre
  2764 | D:4      | Reached XP level 6. HP: 29/53 MP: 5/5
  3352 | D:4      | Reached * piety under Okawaru
  3492 | D:4      | Reached XP level 7. HP: 60/60 MP: 6/6
  3520 | D:5      | Entered Level 5 of the Dungeon
  3560 | D:5      | Found a shattered altar of Ashenzari.
  3895 | D:5      | Found a hazy altar of Hepliaklqana.
  3977 | D:5      | Found a staircase to the Ecumenical Temple.
  3983 | D:5      | Reached skill level 10 in Maces & Flails
  4036 | D:5      | Found an opulent altar of Gozag.
  4126 | D:5      | Found a runed door.
  4271 | D:5      | Noticed Crazy Yiuf
  4284 | D:5      | Killed Crazy Yiuf
  4435 | D:6      | Reached ** piety under Okawaru
  4459 | D:6      | Noticed bosm's ghost (novice OpTm)
  4633 | D:6      | Killed bosm's ghost
  4633 | D:6      | Reached *** piety under Okawaru
  4633 | D:6      | Reached XP level 8. HP: 67/67 MP: 4/7
  4700 | D:6      | Reached skill level 1 in Invocations
  4710 | D:6      | Reached skill level 5 in Fighting
  4946 | D:6      | Reached **** piety under Okawaru
  5121 | D:7      | Found Witarphyn's Jewellery Emporium.
  5148 | D:7      | Bought an uncursed amulet of regeneration for 390 gold pieces
  5170 | D:7      | Found Hocug's Antique Armour Shop.
  5344 | D:7      | Reached skill level 6 in Fighting
  5502 | D:7      | Reached XP level 9. HP: 75/75 MP: 10/10
  5511 | D:7      | Found Seliwy's Weapon Shoppe.
  5613 | D:7      | Found Poruraid's Assorted Antiques.
  5837 | D:7      | Found Qetiarux's Assorted Antiques.
  5896 | D:7      | Bought a murky black potion for 26 gold pieces
  5896 | D:7      | Bought an emerald potion for 26 gold pieces
  5896 | D:7      | Gained mutation: Your flesh is heat resistant. (rF+) [potion of beneficial mutation]
  5910 | D:7      | Bought a scroll labeled ASORYKAUCS for 29 gold pieces
  6231 | D:8      | Reached skill level 5 in Armour
  6232 | D:8      | Reached skill level 7 in Fighting
  6778 | D:9      | Reached skill level 5 in Invocations
  6866 | D:9      | Reached skill level 8 in Fighting
  6946 | D:9      | Found Ynuc Soq's Armour Boutique.
  7052 | D:9      | Noticed Psyche
  7063 | D:9      | Killed Psyche
  7352 | D:10     | Entered Level 10 of the Dungeon
  7431 | D:10     | Noticed Urug
  7446 | D:10     | Reached XP level 10. HP: 73/90 MP: 13/13
  7484 | D:10     | Killed Urug
  7484 | D:10     | Reached ***** piety under Okawaru
  7484 | D:10     | Reached skill level 9 in Fighting
  8102 | D:10     | Noticed a hill giant
  8106 | D:10     | Got an iridescent morningstar
  8107 | D:10     | Identified the +7 morningstar of the Reaper {vamp, Str+2} (You found it on level 10 of the Dungeon)
  8120 | D:10     | Killed a hill giant
  8120 | D:10     | Reached skill level 10 in Fighting
  8270 | D:10     | Killed an unseen horror
  8270 | D:10     | Received a gift from Okawaru
  8271 | D:10     | Got an encrusted hat {god gift}
  8277 | D:10     | Identified the +1 hat "Luogept" {Regen+ Str-5 Int+4} (Okawaru gifted it to you on level 10 of the Dungeon)
  8395 | D:11     | Found a staircase to the Orcish Mines.
  8654 | D:11     | Found a staircase to the Lair.
  8690 | D:11     | Noticed a cyclops
  8708 | D:11     | Killed a cyclops
  8708 | D:11     | Reached skill level 11 in Fighting
  8874 | D:11     | Noticed a hill giant
  8895 | D:11     | Killed a hill giant
  8895 | D:11     | Reached XP level 11. HP: 72/102 MP: 13/16
  9148 | D:11     | Noticed a white ugly thing
  9165 | D:11     | Killed a white ugly thing
  9423 | D:12     | Found a flagged portal.
  9423 | D:12     | Noticed a death knight
  9423 | D:12     | Noticed a phantasmal warrior
  9735 | D:12     | Killed an unseen horror
  9737 | D:12     | Received a gift from Okawaru
  9773 | D:12     | Found a frozen archway.
  9784 | IceCv    | Entered an ice cave
  9934 | IceCv    | Reached skill level 12 in Fighting
 10531 | IceCv    | Received a gift from Okawaru
 10532 | IceCv    | Got an iridescent great mace {god gift}
 10533 | IceCv    | Identified the +2 great mace of Prudence {crush, rElec rF+ rC- Int+4} (Okawaru gifted it to you in an ice cave)
 10554 | IceCv    | Reached skill level 1 in Dodging
 10574 | IceCv    | Noticed a reaper
 10638 | IceCv    | Killed a reaper
 10638 | IceCv    | Reached XP level 12. HP: 49/113 MP: 13/18
 11311 | D:12     | Noticed a four-headed hydra
 11320 | D:12     | Killed a four-headed hydra
 11336 | D:12     | Reached skill level 10 in Invocations
 11758 | D:11     | Killed a death knight
 12041 | D:13     | Reached skill level 13 in Fighting
 12183 | D:13     | Noticed a six-headed hydra
 12190 | D:13     | Killed a six-headed hydra
 12272 | D:13     | Noticed a tengu warrior
 12282 | D:13     | Killed a tengu warrior
 12338 | D:13     | Noticed Sonja
 12343 | D:13     | Killed Sonja
 12492 | D:13     | Reached skill level 10 in Armour
 12550 | D:14     | Noticed Frances
 12668 | D:11     | Reached skill level 5 in Dodging
 12682 | Orc:1    | Entered Level 1 of the Orcish Mines
 12900 | Orc:1    | Found a roughly hewn altar of Beogh.
 13013 | Orc:2    | Entered Level 2 of the Orcish Mines
 13044 | Orc:2    | Noticed an orc high priest
 13103 | Orc:2    | Killed an orc high priest
 13103 | Orc:2    | Received a gift from Okawaru
 13104 | Orc:2    | Got a pair of ancient boots {god gift}
 13117 | Orc:1    | Identified the +0 pair of boots of Ajeqig {rElec Str+3 Dex+6 Slay-2} (Okawaru gifted it to you on level 2 of the Orcish Mines)
 13515 | Orc:2    | Reached XP level 13. HP: 114/123 MP: 20/20
 13525 | Orc:2    | Found a staircase to the Elven Halls.
 13775 | D:7      | Bought a pair of steaming gloves for 313 gold pieces
 13775 | D:7      | Identified the +0 pair of gloves "Ycodgh" {rElec rCorr} (You bought it in a shop on level 7 of the Dungeon)
 14136 | Orc:1    | Found Nigog's Antique Weapon Shoppe.
 14585 | Orc:2    | Reached ****** piety under Okawaru
 14750 | Orc:2    | Reached skill level 14 in Fighting
 15073 | Orc:2    | Cast into level 2 of the Abyss (orc high priest)
 15073 | Abyss:2  | Found a corrupted altar of Lugonu.
 15146 | Abyss:2  | Noticed a bone dragon
 15177 | Abyss:2  | Killed a bone dragon
 15177 | Abyss:2  | Received a gift from Okawaru
 15180 | Abyss:2  | Got a scorched hat {god gift}
 15194 | Abyss:2  | Noticed a tentacled starspawn
 15198 | Abyss:2  | Killed a tentacled starspawn
 15421 | Orc:2    | Escaped the Abyss
 15436 | Orc:2    | Identified the +0 hat "Disivor" {rCorr} (Okawaru gifted it to you on level 2 of the Abyss)
 15585 | Orc:2    | Found Qyll's Gadget Emporium.
 15588 | Orc:2    | Found Doxuvut's Distillery.
 15589 | Orc:2    | Found Toeberasy's Antique Armour Emporium.
 15590 | Orc:2    | Found Ziuxka's Antique Armour Emporium.
 15594 | Orc:2    | Bought a potion of heal wounds for 70 gold pieces
 15594 | Orc:2    | Bought a potion of might for 56 gold pieces
 15798 | Lair:1   | Entered Level 1 of the Lair of Beasts
 15977 | Lair:1   | Reached XP level 14. HP: 130/133 MP: 22/22
 16675 | Lair:2   | Received a gift from Okawaru
 17017 | Lair:2   | Reached skill level 15 in Fighting
 17148 | Lair:2   | Found a staircase to the Swamp.
 17573 | Lair:3   | Noticed Harold
 17610 | Lair:3   | Killed Harold
 17650 | Lair:3   | Found a hole to the Spider Nest.
 18716 | Lair:4   | Received a gift from Okawaru
 19415 | Lair:5   | Got a steaming flail
 19416 | Lair:5   | Identified the +9 flail "Waogilyj" {vamp, SInv} (You found it on level 5 of the Lair of Beasts)
 19828 | Lair:5   | Reached skill level 10 in Dodging
 20500 | Lair:6   | Entered Level 6 of the Lair of Beasts
 20500 | Lair:6   | Found a staircase to the Slime Pits.
 20611 | Lair:6   | Reached skill level 16 in Fighting
 20632 | Lair:6   | Reached XP level 15. HP: 140/144 MP: 23/23
 21125 | Lair:6   | Received a gift from Okawaru
 22144 | Swamp:1  | Entered Level 1 of the Swamp
 22400 | Swamp:1  | Received a gift from Okawaru
 23010 | Swamp:2  | Noticed a thorn hunter
 23025 | Swamp:2  | Killed a thorn hunter
 24429 | Swamp:4  | Entered Level 4 of the Swamp
 24460 | Swamp:4  | Received a gift from Okawaru
 24597 | Swamp:4  | Reached skill level 17 in Fighting
 24633 | Swamp:4  | Got a decaying rune of Zot
 24705 | Swamp:4  | Reached XP level 16. HP: 143/155 MP: 25/25
 24706 | Swamp:4  | Noticed Megalobster's ghost (adept MiBe)
 24709 | Swamp:4  | Noticed a thorn hunter
 24758 | Swamp:4  | Killed Megalobster's ghost
 24758 | Swamp:4  | Reached skill level 15 in Armour
 24773 | Swamp:4  | Killed a thorn hunter
 25083 | Swamp:4  | Received a gift from Okawaru
 25687 | Swamp:4  | Noticed Roxanne
 25725 | Swamp:4  | Killed Roxanne
 25726 | Swamp:4  | Identified Roxanne's Handbook of Clay (You took it off Roxanne on level 4 of the Swamp)
 25916 | Lair:1   | Gained mutation: You occasionally shout uncontrollably at your foes. [potion of mutation]
 25916 | Lair:1   | Gained mutation: Your flesh is very heat resistant. (rF++) [potion of mutation]
 25916 | Lair:1   | Gained mutation: Your spells are a little easier to cast, but a little less powerful. [potion of mutation]
 25917 | Lair:1   | Gained mutation: Your magical capacity is low. (-10% MP) [potion of mutation]
 25917 | Lair:1   | Gained mutation: You are robust. (+10% HP) [potion of mutation]
 25918 | Lair:1   | Gained mutation: You are resistant to electric shocks. (rElec) [potion of mutation]
 25918 | Lair:1   | Gained mutation: You are weak. (Str -2) [potion of mutation]
 25919 | Lair:1   | Gained mutation: You are partially covered in thin metallic scales. (AC +2) [potion of mutation]
 26013 | Spider:1 | Entered Level 1 of the Spider Nest
 26462 | D:7      | Bought a pair of embroidered boots for 367 gold pieces
 26843 | Spider:1 | Received a gift from Okawaru
 27384 | Spider:2 | Noticed Aizul
 27410 | Spider:2 | Killed Aizul
 28300 | Spider:2 | Got a smoking whip
 28441 | Spider:3 | Received a gift from Okawaru
 28473 | Spider:1 | Reached skill level 15 in Invocations
 28814 | Spider:2 | Identified the +7 whip "Odugile" {vamp, rPois Dex+4} (You found it on level 2 of the Spider Nest)
 29447 | Spider:3 | Reached skill level 18 in Fighting
 29609 | Spider:4 | Entered Level 4 of the Spider Nest
 29880 | Spider:3 | Reached XP level 17. HP: 179/179 MP: 1/24
 29914 | Spider:3 | Received a gift from Okawaru
 30396 | Spider:4 | Noticed Arachne
 30415 | Spider:3 | Killed Arachne
 30859 | Spider:3 | Received a gift from Okawaru
 31135 | Spider:4 | Received a gift from Okawaru
 32328 | Lair:1   | Identified a scroll of acquirement
 32329 | Lair:1   | Got a faintly glowing wooden ring
 32331 | Lair:1   | Identified the ring "Soqawn" {rElec rC+ Stlth+} (You acquired it on level 1 of the Lair of Beasts)
 33668 | Spider:4 | Reached skill level 5 in Shields
 33694 | Spider:4 | Got a gossamer rune of Zot
 34314 | D:14     | Killed Frances
 34314 | D:14     | Received a gift from Okawaru
 34321 | D:14     | Noticed Kirke
 34328 | D:14     | Killed Kirke
 34328 | D:14     | Reached skill level 19 in Fighting
 34507 | D:14     | Reached XP level 18. HP: 193/193 MP: 26/26
 34864 | D:14     | Found an ancient bone altar of Kikubaaqudgha.
 34892 | D:14     | Found a gate to the Vaults.
 35232 | D:15     | Entered Level 15 of the Dungeon
 35232 | D:15     | Noticed Louise
 35240 | D:15     | Killed Louise
 35367 | D:15     | Noticed Agnes
 35376 | D:15     | Killed Agnes
 35379 | D:15     | Found a burning altar of Makhleb.
 35394 | D:15     | Reached skill level 15 in Dodging
 35935 | D:15     | Found a staircase to the Depths.
 36083 | Vaults:1 | Entered Level 1 of the Vaults
 36215 | Vaults:1 | Found a ruined gateway.
 36265 | Desolati | Entered the Desolation of Salt
 36561 | Desolati | Received a gift from Okawaru
 36886 | Desolati | Received a gift from Okawaru
 36887 | Desolati | Got a crystal flail {god gift}
 37181 | Desolati | Got a glittering steel ring
 37184 | Desolati | Got a glittering bone amulet
 37514 | Desolati | HP: 6/195 [molten gargoyle/flail[a halazid warlock] (7)]
 37515 | Desolati | Killed from afar by a halazid warlock

Skill      XL: |  1  2  3  4  5  6  7  8  9 10 11 12 13 14 15 16 17 18 |
---------------+-------------------------------------------------------+-----
Maces & Flails | 3 4 5 7 9 12 14 | 14.0
Fighting       | 4 6 8 11 12 13 14 16 17 18 19 | 19.7
Invocations    | 3 6 8 9 10 12 13 14 15 16 | 16.8
Armour         | 4 6 8 10 12 13 14 16 17 18 | 18.2
Dodging        | 1 5 8 10 12 13 14 15 | 15.6
Shields        | 5 |  5.0

Action                   |  1- 3 |  4- 6 |  7- 9 | 10-12 | 13-15 | 16-18 || total
-------------------------+-------+-------+-------+-------+-------+-------++-------
Melee: Flail             |   119 |   151 |   346 |    65 |   964 |  2342 ||  3987
       Headbutt          |    16 |    31 |    76 |   202 |   452 |   671 ||  1448
       Morningstar       |       |       |       |   757 |   759 |       ||  1516
Invok: Heroism           |       |       |     2 |    16 |     4 |    11 ||    33
       Finesse           |       |       |       |     4 |     3 |     5 ||    12
Evoke: Wand              |       |       |       |    11 |     4 |     4 ||    19
       Phial of floods   |       |       |       |       |       |     3 ||     3
       Lamp of fire      |       |       |       |       |       |     1 ||     1
       Box of beasts     |       |       |       |       |       |     1 ||     1
  Use: Scroll            |       |     5 |     3 |     7 |    23 |    17 ||    55
       Potion            |       |       |    10 |     9 |     5 |    18 ||    42
 Stab: Invisible         |       |       |       |     6 |       |       ||     6
       Confused          |       |       |       |     1 |     2 |     2 ||     5
  Eat: Chunk             |     2 |     7 |    13 |    16 |    38 |    33 ||   109
       Beef jerky        |       |       |       |     4 |       |     1 ||     5
       Fruit             |       |       |       |     4 |     6 |    10 ||    20
       Pizza             |       |       |       |       |       |     1 ||     1
Armor: Scale mail        |    62 |    10 |       |       |       |       ||    72
       Plate armour      |       |    82 |    50 |       |       |       ||   132
       Chain mail        |       |       |    76 |   153 |       |   499 ||   728
       Crystal plate arm |       |       |       |   200 |  1083 |   887 ||  2170
Dodge: Dodged            |    39 |    25 |    62 |   176 |   571 |  1402 ||  2275
Block: Shield            |    71 |    81 |   119 |   587 |  1345 |  1745 ||  3948
       Reflection        |       |       |       |    24 |     8 |    14 ||    46
       Buckler           |       |       |       |       |       |   427 ||   427
